General information
- name: BNet
- type: Ladder team game (AT/RT)
- host: Battle.net
- saver: SpiceFields
map: Dragonblight
- players: 6
- length: 26:06
- speed: Fast
- version: 1.26 W3XP
- replay type: Public
» download(170 KB)
Players
team 1 (winner)
iggy_the_fisk (
green | 120 APM | 3122 actions | 26:06)
4 Archmage
2 Blizzard
2 Brilliance Aura
3 Blood Mage
2 Flame Strike
1 Siphon Mana
2 Mountain King
1 Storm Bolt
1 Bash
» actions
| Assign group hotkey | 572 | |
| Basic commands | 10 | |
| Build / train | 97 | |
| Enter build submenu | 90 | |
| Enter hero's abilities submenu | 9 | |
| Give item / drop item | 3 | |
| Remove unit from queue | 1 | |
| Right click | 1276 | |
| Select / deselect | 317 | |
| Select group hotkey | 568 | |
| Use ability | 178 | |
3122 total
» units
» upgrades
| Masonry | 3 | |
| Magic Sentry | 1 | |
| Lumber Harvesting | 1 | |
5 total
» buildings
| Altar of Kings | 1 | |
| Farm | 7 | |
| Lumber Mill | 1 | |
| Scout Tower | 90 | |
| Arcane Tower | 14 | |
| Guard Tower | 31 | |
| Keep | 1 | |
| Arcane Vault | 5 | |
| Arcane Sanctum | 1 | |
| Castle | 1 | |
| Town Hall | 1 | |
153 total
» build order
00:03 Altar of Kings
00:19 Farm
00:43 Lumber Mill
01:24 Farm
01:37 Scout Tower
01:41 Scout Tower
02:01 Scout Tower
02:03 Scout Tower
02:12 Arcane Tower
02:13 Arcane Tower
02:14 Arcane Tower
02:24 Scout Tower
02:35 Guard Tower
02:36 Scout Tower
03:03 Guard Tower
03:18 Scout Tower
03:19 Guard Tower
03:21 Scout Tower
03:38 Keep
04:12 Guard Tower
04:15 Arcane Vault
04:17 Scout Tower
04:30 Scout Tower
04:34 Scout Tower
04:37 Scout Tower
04:39 Scout Tower
04:50 Guard Tower
04:52 Arcane Vault
05:20 Arcane Tower
05:23 Scout Tower
06:00 Guard Tower
06:03 Farm
06:05 Farm
06:07 Arcane Sanctum
06:18 Scout Tower
06:22 Scout Tower
06:25 Scout Tower
06:56 Arcane Tower
06:57 Guard Tower
06:58 Guard Tower
07:08 Guard Tower
07:10 Scout Tower
07:11 Scout Tower
07:27 Scout Tower
07:28 Scout Tower
07:29 Scout Tower
07:42 Castle
07:56 Arcane Tower
08:10 Guard Tower
08:13 Guard Tower
08:15 Arcane Tower
08:27 Scout Tower
08:31 Scout Tower
09:21 Guard Tower
09:23 Scout Tower
09:24 Scout Tower
09:32 Arcane Tower
09:34 Arcane Vault
10:37 Guard Tower
10:42 Guard Tower
10:49 Arcane Vault
11:02 Scout Tower
11:03 Scout Tower
11:04 Scout Tower
11:07 Scout Tower
11:07 Scout Tower
11:08 Scout Tower
11:08 Scout Tower
11:09 Scout Tower
11:10 Scout Tower
11:12 Scout Tower
11:13 Scout Tower
11:14 Scout Tower
11:16 Scout Tower
11:17 Scout Tower
11:18 Scout Tower
11:19 Scout Tower
11:21 Scout Tower
11:24 Scout Tower
11:26 Scout Tower
11:27 Scout Tower
12:30 Guard Tower
12:32 Scout Tower
12:39 Scout Tower
12:40 Scout Tower
13:01 Scout Tower
13:29 Guard Tower
13:38 Arcane Tower
13:39 Scout Tower
13:40 Scout Tower
14:08 Guard Tower
14:10 Scout Tower
14:11 Scout Tower
14:19 Scout Tower
14:33 Arcane Tower
15:08 Guard Tower
16:01 Farm
16:02 Farm
16:03 Farm
16:31 Scout Tower
16:33 Scout Tower
16:34 Scout Tower
16:36 Scout Tower
17:23 Scout Tower
17:26 Scout Tower
17:27 Scout Tower
17:54 Guard Tower
17:58 Town Hall
18:15 Scout Tower
18:15 Scout Tower
18:16 Scout Tower
18:16 Scout Tower
18:40 Guard Tower
18:44 Scout Tower
18:45 Scout Tower
18:46 Scout Tower
18:46 Scout Tower
18:48 Scout Tower
18:49 Arcane Tower
18:51 Guard Tower
18:54 Scout Tower
18:55 Scout Tower
19:11 Arcane Tower
19:15 Scout Tower
19:15 Scout Tower
19:35 Arcane Tower
19:37 Guard Tower
20:13 Guard Tower
20:16 Scout Tower
20:18 Scout Tower
20:27 Guard Tower
21:01 Guard Tower
21:06 Scout Tower
21:08 Scout Tower
21:10 Guard Tower
21:23 Arcane Tower
21:27 Scout Tower
21:27 Scout Tower
21:36 Guard Tower
21:38 Scout Tower
21:40 Scout Tower
21:41 Scout Tower
21:41 Scout Tower
22:11 Guard Tower
22:14 Scout Tower
22:17 Arcane Vault
23:25 Scout Tower
23:26 Scout Tower
23:27 Guard Tower
24:16 Guard Tower
24:20 Guard Tower
» items
| Scroll of Regeneration | 1 | |
| Healing Salve | 2 | |
| Staff of Sanctuary | 3 | |
| Boots of Speed | 2 | |
| Scroll of Town Portal | 1 | |
| Staff of Teleportation | 1 | |
| Orb of Venom | 1 | |
| Orb of Lightning | 2 | |
13 total
NOTguysFrmLstGm (
orange | 81 APM | 2115 actions | 26:06)
5 Keeper of the Grove
3 Entangling Roots
2 Thorns Aura
2 Priestess of the Moon
1 Scout
1 Trueshot Aura
» actions
| Assign group hotkey | 6 | |
| Build / train | 54 | |
| ESC pressed | 2 | |
| Enter build submenu | 15 | |
| Enter hero's abilities submenu | 7 | |
| Give item / drop item | 2 | |
| Right click | 1311 | |
| Select / deselect | 113 | |
| Select group hotkey | 532 | |
| Use ability | 73 | |
2115 total
» units
» upgrades
» buildings
| Altar of Elders | 2 | |
| Moon Well | 9 | |
| Tree of Ages | 1 | |
| Hunter's Hall | 1 | |
| Ancient of Wonders | 1 | |
| Tree of Eternity | 2 | |
| Tree of Life | 1 | |
17 total
» build order
00:28 Altar of Elders
00:30 Moon Well
01:37 Moon Well
03:20 Moon Well
03:21 Moon Well
05:52 Tree of Ages
05:55 Hunter's Hall
06:18 Moon Well
07:01 Ancient of Wonders
08:02 Moon Well
08:02 Moon Well
08:33 Tree of Eternity
08:33 Tree of Eternity
09:16 Tree of Life
10:38 Moon Well
10:38 Moon Well
17:49 Altar of Elders
» items
| Staff of Teleportation | 1 | |
| Boots of Speed | 1 | |
| Orb of Venom | 1 | |
| Potion of Healing | 1 | |
| Lesser Clarity Potion | 1 | |
| Dust of Appearance | 1 | |
| Orb of Lightning | 8 | |
| Staff of Sanctuary | 1 | |
15 total
SpiceFields (
blue | 111 APM | 2886 actions | 26:06)
5 Blademaster
2 Wind Walk
3 Critical Strike
» actions
| Assign group hotkey | 13 | |
| Basic commands | 9 | |
| Build / train | 73 | |
| Enter build submenu | 55 | |
| Enter hero's abilities submenu | 5 | |
| Give item / drop item | 13 | |
| Remove unit from queue | 1 | |
| Right click | 1921 | |
| Select / deselect | 285 | |
| Select group hotkey | 333 | |
| Use ability | 173 | |
2886 total
» units
| Peon | 14 | |
| Troll Batrider | 14 | |
| Goblin Zeppelin | 4 | |
32 total
» upgrades
| Ranged Weapons | 3 | |
| Liquid Fire | 1 | |
| Armor | 1 | |
5 total
» buildings
| Altar of Storms | 1 | |
| Orc Burrow | 4 | |
| War Mill | 1 | |
| Watch Tower | 37 | |
| Stronghold | 1 | |
| Voodoo Lounge | 3 | |
| Beastiary | 3 | |
| Great Hall | 1 | |
| Fortress | 5 | |
| Barracks | 1 | |
57 total
» build order
00:08 Altar of Storms
00:19 Orc Burrow
00:36 War Mill
01:50 Watch Tower
01:56 Watch Tower
01:58 Watch Tower
02:55 Watch Tower
03:21 Watch Tower
03:32 Watch Tower
03:34 Stronghold
04:02 Watch Tower
04:13 Watch Tower
04:29 Watch Tower
04:40 Voodoo Lounge
04:44 Watch Tower
05:31 Watch Tower
05:34 Watch Tower
05:38 Watch Tower
05:41 Orc Burrow
05:48 Watch Tower
06:01 Beastiary
06:03 Beastiary
06:23 Voodoo Lounge
07:15 Watch Tower
07:17 Watch Tower
07:19 Watch Tower
07:24 Great Hall
07:35 Watch Tower
07:56 Orc Burrow
08:28 Voodoo Lounge
09:05 Orc Burrow
09:19 Watch Tower
10:15 Watch Tower
10:33 Watch Tower
10:42 Fortress
10:42 Fortress
10:42 Fortress
12:26 Watch Tower
12:29 Watch Tower
12:45 Watch Tower
13:34 Watch Tower
14:21 Watch Tower
14:40 Watch Tower
15:25 Watch Tower
16:07 Watch Tower
16:10 Watch Tower
18:03 Watch Tower
18:05 Watch Tower
20:10 Watch Tower
20:11 Watch Tower
20:11 Watch Tower
20:13 Watch Tower
20:14 Watch Tower
20:40 Barracks
20:47 Beastiary
» items
| Boots of Speed | 3 | |
| Dust of Appearance | 2 | |
| Healing Salve | 4 | |
| Lesser Clarity Potion | 6 | |
| Staff of Teleportation | 2 | |
| Orb of Lightning | 1 | |
| Scroll of Town Portal | 1 | |
19 total
team 2 (loser)

»
infamousgiraffe (
red | 57 APM | 1282 actions | 22:31)
2 Blademaster
1 Wind Walk
1 Critical Strike
1 Naga Sea Witch
1 Frost Arrows
1 Pandaren Brewmaster
1 Breath of Fire
» actions
| Assign group hotkey | 4 | |
| Basic commands | 91 | |
| Build / train | 52 | |
| Enter build submenu | 72 | |
| Enter hero's abilities submenu | 4 | |
| Right click | 343 | |
| Select / deselect | 278 | |
| Select group hotkey | 333 | |
| Use ability | 105 | |
1282 total
» units
» upgrades
| Reinforced Defenses | 1 | |
| Ranged Weapons | 2 | |
3 total
» buildings
| Altar of Storms | 1 | |
| Orc Burrow | 3 | |
| War Mill | 1 | |
| Watch Tower | 50 | |
| Stronghold | 1 | |
| Beastiary | 2 | |
| Fortress | 1 | |
| Voodoo Lounge | 3 | |
| Great Hall | 1 | |
63 total
» build order
00:11 Altar of Storms
00:22 Orc Burrow
00:26 War Mill
02:29 Orc Burrow
02:38 Watch Tower
02:39 Watch Tower
02:44 Watch Tower
02:46 Watch Tower
03:17 Watch Tower
03:34 Watch Tower
03:38 Watch Tower
04:29 Watch Tower
04:47 Watch Tower
04:49 Watch Tower
05:09 Watch Tower
05:25 Stronghold
05:27 Watch Tower
05:44 Watch Tower
05:45 Watch Tower
05:50 Watch Tower
05:51 Watch Tower
05:57 Watch Tower
06:03 Watch Tower
06:39 Watch Tower
07:20 Watch Tower
07:22 Watch Tower
07:34 Watch Tower
07:35 Watch Tower
07:38 Watch Tower
07:44 Watch Tower
08:05 Watch Tower
08:24 Orc Burrow
08:36 Watch Tower
08:37 Watch Tower
08:47 Watch Tower
08:48 Watch Tower
09:04 Beastiary
09:24 Watch Tower
10:02 Beastiary
10:05 Fortress
10:39 Voodoo Lounge
10:50 Voodoo Lounge
11:15 Watch Tower
11:17 Watch Tower
11:24 Watch Tower
12:29 Watch Tower
12:31 Watch Tower
13:16 Watch Tower
13:17 Watch Tower
14:02 Great Hall
14:15 Watch Tower
14:17 Watch Tower
15:10 Watch Tower
15:11 Watch Tower
18:49 Voodoo Lounge
19:28 Watch Tower
19:36 Watch Tower
19:36 Watch Tower
20:19 Watch Tower
20:21 Watch Tower
21:20 Watch Tower
21:21 Watch Tower
21:22 Watch Tower
» items
| Healing Salve | 1 | |
| Orb of Lightning | 2 | |
| Scroll of Town Portal | 1 | |
4 total
mcnastyzzz (
yellow | 44 APM | 1081 actions | 24:29)
4 Blademaster
2 Wind Walk
2 Critical Strike
» actions
| Assign group hotkey | 11 | |
| Basic commands | 69 | |
| Build / train | 46 | |
| Enter build submenu | 44 | |
| Enter hero's abilities submenu | 4 | |
| Remove unit from queue | 1 | |
| Right click | 524 | |
| Select / deselect | 220 | |
| Select group hotkey | 94 | |
| Use ability | 68 | |
1081 total
» units
| Peon | 16 | |
| Troll Batrider | 11 | |
| Wind Rider | 2 | |
| Troll Witch Doctor | 2 | |
31 total
» upgrades
| Ranged Weapons | 1 | |
| Spiked Barricades | 1 | |
| Witch Doctor Training | 1 | |
| Envenomed Spears | 1 | |
| Reinforced Defenses | 1 | |
5 total
» buildings
| Altar of Storms | 1 | |
| Barracks | 1 | |
| Orc Burrow | 6 | |
| War Mill | 1 | |
| Voodoo Lounge | 2 | |
| Watch Tower | 22 | |
| Stronghold | 1 | |
| Beastiary | 2 | |
| Fortress | 1 | |
| Spirit Lodge | 1 | |
38 total
» build order
00:09 Altar of Storms
00:22 Barracks
00:31 Orc Burrow
00:39 War Mill
01:28 Voodoo Lounge
02:39 Watch Tower
02:46 Watch Tower
04:02 Watch Tower
04:08 Watch Tower
04:53 Orc Burrow
04:56 Orc Burrow
05:16 Stronghold
06:01 Watch Tower
06:05 Watch Tower
06:08 Watch Tower
06:22 Watch Tower
06:28 Watch Tower
07:38 Watch Tower
07:40 Watch Tower
07:56 Beastiary
08:26 Beastiary
08:49 Watch Tower
08:52 Watch Tower
09:20 Orc Burrow
10:45 Fortress
11:11 Watch Tower
11:15 Watch Tower
13:21 Spirit Lodge
15:15 Watch Tower
15:17 Watch Tower
15:20 Watch Tower
15:28 Orc Burrow
15:29 Orc Burrow
18:06 Watch Tower
18:45 Voodoo Lounge
18:53 Watch Tower
22:13 Watch Tower
23:16 Watch Tower
» items

»
pinkanalbeads (
teal | 55 APM | 1422 actions | 26:05)
3 Keeper of the Grove
2 Entangling Roots
1 Force of Nature
» actions
| Assign group hotkey | 6 | |
| Basic commands | 168 | |
| Build / train | 49 | |
| Enter build submenu | 54 | |
| Enter hero's abilities submenu | 4 | |
| Right click | 642 | |
| Select / deselect | 345 | |
| Select group hotkey | 66 | |
| Use ability | 88 | |
1422 total
» units
| Wisp | 30 | |
| Huntress | 8 | |
| Blue Dragon | 1 | |
39 total
» upgrades
» buildings
| Altar of Elders | 1 | |
| Moon Well | 25 | |
| Ancient of Wonders | 2 | |
| Tree of Ages | 1 | |
| Hunter's Hall | 1 | |
| Tree of Eternity | 1 | |
| Ancient of War | 1 | |
| Ancient Protector | 5 | |
| Tree of Life | 4 | |
| Watch Tower | 9 | |
50 total
» build order
00:06 Altar of Elders
00:08 Moon Well
01:56 Moon Well
03:29 Moon Well
04:11 Moon Well
04:18 Moon Well
04:23 Moon Well
04:33 Moon Well
04:58 Ancient of Wonders
05:16 Moon Well
05:19 Moon Well
05:32 Moon Well
05:47 Tree of Ages
05:57 Moon Well
07:18 Moon Well
07:25 Moon Well
07:58 Hunter's Hall
08:10 Tree of Eternity
08:19 Ancient of War
08:22 Moon Well
08:26 Moon Well
08:27 Moon Well
09:15 Moon Well
09:19 Moon Well
10:13 Moon Well
10:16 Moon Well
11:07 Moon Well
11:12 Moon Well
12:03 Moon Well
12:11 Moon Well
13:15 Moon Well
13:26 Ancient of Wonders
16:46 Ancient Protector
16:51 Ancient Protector
16:55 Ancient Protector
18:58 Tree of Life
23:02 Tree of Life
23:15 Tree of Life
23:18 Tree of Life
23:53 Watch Tower
23:55 Watch Tower
23:56 Watch Tower
24:22 Ancient Protector
24:25 Ancient Protector
25:03 Watch Tower
25:04 Watch Tower
25:07 Watch Tower
25:49 Watch Tower
25:53 Watch Tower
25:55 Watch Tower
» items
| Scroll of Town Portal | 1 | |
| Staff of Preservation | 1 | |
| Lesser Clarity Potion | 1 | |
3 total
Chat log
(00:02 / All) mcnastyzzz: IGGY
(00:04 / All) iggy_the_fisk: hihi
(00:05 / All) SpiceFields: hey all
(00:11 / All) NOTguysFrmLstGm: hey
(00:12 / All) iggy_the_fisk: are you capable of learning? let's find out
(00:15 / All) NOTguysFrmLstGm: welcome 2 this game
(00:15 / All) pinkanalbeads: www.lemonparty.org
(00:19 / All) NOTguysFrmLstGm: never played you before
(01:00 / All) iggy_the_fisk: if a reasonably intelligent dog did something 4000 times
(01:05 / All) iggy_the_fisk: I think he'd figure out a thing or two
(01:07 / All) iggy_the_fisk: not you though..
(01:13 / All) SpiceFields: wow
(01:13 / All) SpiceFields: wow
(01:14 / All) SpiceFields: wow
(01:15 / All) SpiceFields: wow
(01:16 / All) SpiceFields: ouch
(01:24 / All) pinkanalbeads: you must love anal then
(05:35 / All) iggy_the_fisk: how you doing so far?
(05:38 / All) iggy_the_fisk: feeling confident?
(05:45 / All) SpiceFields: feeling fat???
(10:08 / All) iggy_the_fisk: wow...
(10:13 / All) infamousgiraffe: PROS!
(17:19 / All) iggy_the_fisk: wow...
(17:20 / All) SpiceFields: lol
(20:58 / All) SpiceFields: ty
(22:28 / All) infamousgiraffe: gg u guys are better fags than us
(22:30 / All) SpiceFields: lmao
(22:31 / All) SpiceFields: fucking
(22:32 / All) SpiceFields: lmao
(22:36 / All) iggy_the_fisk: you guys are pretty bad
(22:39 / All) iggy_the_fisk: 3 times you lose to this
(22:40 / All) SpiceFields: this is the best
(22:41 / All) iggy_the_fisk: 3
(22:43 / All) SpiceFields: you try to tower
(22:46 / All) SpiceFields: and just quit
(22:47 / All) SpiceFields: wow
(22:47 / All) SpiceFields: wow
(22:48 / All) SpiceFields: wow
(22:49 / All) SpiceFields: wow
(22:49 / All) SpiceFields: wow
(22:49 / All) iggy_the_fisk: are you just stupid?
(22:50 / All) SpiceFields: wow
(22:51 / All) SpiceFields: wow
(22:51 / All) SpiceFields: wow
(22:52 / All) SpiceFields: wow
(22:52 / All) SpiceFields: wow
(22:53 / All) SpiceFields: wow
(22:55 / All) NOTguysFrmLstGm: hey
(22:59 / All) NOTguysFrmLstGm: hey
(23:03 / All) NOTguysFrmLstGm: what are you talking about
(23:06 / All) NOTguysFrmLstGm: i wasnt in last game ??
(23:24 / All) SpiceFields: did his mom need computer
(23:34 / All) mcnastyzzz: NICE
(23:40 / All) SpiceFields: lol
(24:31 / All) pinkanalbeads: that dragon is stuck
(24:37 / All) SpiceFields: here let me help
(24:46 / All) iggy_the_fisk: do you have any better ideas for next game?
(24:49 / All) iggy_the_fisk: hippo riders????????